 Dungeon Crawl Stone Soup version 0.31.0-1-g2c135a0 (webtiles) character file.

Game seed: 18003365745297883803

176075 steven32 the Scorcher (level 17, -1/136 HPs)
             Began as a Demonspawn Fire Elementalist on Jan 22, 2024.
             Was an Initiate of Gozag.
             Shot with an arrow by a naga sharpshooter (16 damage)
             ... led by Vashnia
             ... on level 4 of the Snake Pit.
             The game lasted 01:34:39 (63400 turns).

steven32 the Scorcher (DsFE)                       Turns: 63400, Time: 01:34:40

Health: -1/136     AC: 11    Str: 13    XL:     17   Next: 49%
Magic:  33/33      EV: 14    Int: 25    God:    Gozag
Gold:   746        SH:  0    Dex: 17    Spells: 2/40 levels left

rFire   + + +        E - +3 falchion of the Protecting Hero {chaos, Str+3 Int+4, !a !*}
rCold   + + +        (no shield)
rNeg    . . .        N - +2 leather armour {rPois}
rPois   +            T - +0 hat {Stlth+}
rElec   +            W - +2 cloak of Wicked Music {Rampage}
rCorr   +            (gloves unavailable)
SInv    +            R - +1 pair of boots of Nizxu {rElec SInv}
Will    +++..        A - necklace of Bloodlust {Fury *Rage Will++ Int-3 Slay+6}
Stlth   ++++         a - ring "Zyhuseat" {rC+++ Str-2 Int+6 Dex+3 Stlth+}
HPRegen 0.42/turn    Z - ring of the Empty Page {rElec rF+++ rCorr Str+2 Int-4}
MPRegen 0.23/turn

%: random rage (50%), rampage
@: mighty, lethally poisoned (-1 -> -11), about to teleport, attractive,
slightly contaminated, studying Ice Magic
A: horns 2, powered by death 2, powered by pain 2, weakness stinger 1, demonic
touch 3
a: Renounce Religion, Potion Petition, Call Merchant, Bribe Branch


You were on level 4 of the Snake Pit.
You worshipped Gozag.
Gozag was pleased with you.
You visited 6 branches of the dungeon, and saw 29 of its levels.
You visited 1 bazaar.
You also visited: Sewer, Ossuary, Ice Cave and Volcano.

You collected 11509 gold pieces.
You spent 3650 gold pieces at shops.
You paid 7113 gold pieces to Gozag.

Inventory:

Hand Weapons
 E - the +3 falchion of the Protecting Hero (weapon) {chaos, Str+3 Int+4, !a !*}
   (You found it on level 5 of the Dungeon)

   Str+3:     It affects your strength (+3).
   Int+4:     It affects your intelligence (+4).
Missiles
 H - a throwing net
 K - 3 curare-tipped darts
Armour
 N - a +2 leather armour of poison resistance (worn)
 R - the +1 pair of boots of Nizxu (worn) {rElec SInv}
   (You acquired it on level 5 of the Lair of Beasts)

   rElec:     It insulates you from electricity.
   SInv:      It lets you see invisible.
 T - a +0 hat of stealth (worn)
 W - the +2 cloak of Wicked Music (worn) {Rampage}
   (You bought it in a shop on level 15 of the Dungeon)

   Rampage:   It bestows one free step when moving towards enemies.
Jewellery
 a - the ring "Zyhuseat" (left hand) {rC+++ Str-2 Int+6 Dex+3 Stlth+}
   (You bought it in a shop on level 4 of the Lair of Beasts)

   [ring of intelligence]

   Str-2:     It affects your strength (-2).
   Int+6:     It affects your intelligence (+6).
   Dex+3:     It affects your dexterity (+3).
   rC+++:     It renders you almost immune to cold.
   Stlth+:    It makes you more stealthy.
 z - a +4 ring of protection
 A - the necklace of Bloodlust (around neck) {Fury *Rage Will++ Int-3 Slay+6}
   (You bought it in a shop on level 2 of the Orcish Mines)

   [amulet of nothing]

   Fury:      It extends the wearer's berserk rage when killing foes.
   Int-3:     It affects your intelligence (-3).
   Slay+6:    It affects your accuracy & damage with ranged weapons and melee
   (+6).
   Will++:    It greatly increases your willpower.
   *Rage:     It berserks you when you make melee attacks (+50% chance).
 D - a ring of positive energy
 L - a ring of poison resistance
 V - a +4 ring of protection
 Y - a ring of resist corrosion
 Z - the ring of the Empty Page (right hand) {rElec rF+++ rCorr Str+2 Int-4}
   (You found it on level 5 of the Lair of Beasts)

   [ring of resist corrosion]

   Str+2:     It affects your strength (+2).
   Int-4:     It affects your intelligence (-4).
   rF+++:     It renders you almost immune to fire.
   rElec:     It insulates you from electricity.
   rCorr:     It protects you from acid and corrosion.
Wands
 k - a wand of mindburst (7)
 n - a wand of paralysis (36)
 o - a wand of polymorph (18)
 x - a wand of flame (74)
 B - a wand of digging (4)
 C - a wand of acid (2)
 O - a wand of iceblast (5)
Scrolls
 b - 2 scrolls of poison
 c - 4 scrolls of fog
 d - a scroll of fear
 e - a scroll of blinking
 g - 5 scrolls of revelation
 i - 5 scrolls of enchant armour
 j - 4 scrolls of enchant weapon
 l - a scroll of summoning
 m - 2 scrolls of brand weapon
 q - 8 scrolls of immolation
 r - 7 scrolls of noise
 y - 5 scrolls of teleportation
 G - a scroll of silence
 J - a scroll of amnesia
 M - 3 scrolls of torment
 U - 5 scrolls of vulnerability
Potions
 f - 4 potions of enlightenment
 h - 3 potions of cancellation
 s - 14 potions of curing
 t - 5 potions of haste
 u - 2 potions of magic
 v - a potion of attraction
 w - 3 potions of invisibility
 F - 6 potions of might
 I - 2 potions of resistance
 P - a potion of brilliance
 Q - a potion of heal wounds
 S - 3 potions of mutation
 X - 3 potions of ambrosia
Miscellaneous
 p - a sack of spiders (inert)


   Skills:
 + Level 13.1 Fighting
 - Level 8.0 Armour
 - Level 6.0 Dodging
 - Level 1.7 Stealth
 - Level 12.0 Spellcasting
 - Level 12.0 Conjurations
 - Level 6.0 Translocations
 - Level 16.0 Fire Magic
 - Level 12.0 Air Magic


You had 2 spell levels left.
You knew the following spells:

 Your Spells              Type           Power      Damage    Failure   Level
a - Arcjolt               Conj/Air       33%        1d43      1%          5
b - Blink                 Tloc           90%        N/A       1%          2
c - Mephitic Cloud        Conj/Alch/Air  53%        N/A       1%          3
d - Airstrike             Air            33%        2d(5-21)  1%          4
e - Plasma Beam           Fire/Air       35%        2x1d49    2%          6
f - Freezing Cloud        Conj/Ice/Air   26%        6-21      4%          5
i - Irradiate             Conj/Alch      22%        3d19      12%         5
k - Starburst             Conj/Fire      35%        6d10      2%          6
s - Scorch                Fire           100%       2d9       0%          2

Your spell library contained the following spells:

 Spells                   Type           Power      Damage    Failure   Level
 Foxfire                  Conj/Fire      100%       2x1d9     0%          1
 Magic Dart               Conj           100%       1d8       1%          1
 Shock                    Conj/Air       100%       1d9       1%          1
 Searing Ray              Conj           100%       2d8       1%          2
 Summon Small Mammal      Summ           60%        N/A       4%          1
 Call Imp                 Summ           30%        N/A       8%          2
 Ensorcelled Hibernation  Hex/Ice        30%        N/A       8%          2
 Dazzling Flash           Conj/Hex       90%        N/A       1%          3
 Gell's Gravitas          Tloc           45%        N/A       1%          3
 Hailstorm                Conj/Ice       45%        3d10      1%          3
 Inner Flame              Hex/Fire       53%        N/A       1%          3
 Swiftness                Air            66%        N/A       1%          3
 Teleport Other           Tloc           45%        N/A       1%          3
 Volatile Blastmotes      Fire/Tloc      100%       2d18      1%          3
 Flame Wave               Conj/Fire      71%        2d16      1%          4
 Summon Blazeheart Golem  Fire/Summ      53%        N/A       1%          4
 Vhi's Electric Charge    Tloc/Air       100%       N/A       1%          4
 Fulminant Prism          Conj/Alch      22%        3d12      4%          4
 Silence                  Hex/Air        22%        N/A       12%         5
 Call Canine Familiar     Summ           15%        N/A       14%         3
 Passwall                 Erth           15%        N/A       14%         3
 Summon Ice Beast         Ice/Summ       15%        N/A       14%         3
 Summon Forest            Summ/Tloc      15%        N/A       36%         5
 Ignition                 Fire           38%        3d11      41%         8
 Dispersal                Tloc           22%        N/A       54%         6
 Curse of Agony           Necr           15%        N/A       80%         5
 Maxwell's Capacitive Co  Air            33%        ∞         93%         8
 Sculpt Simulacrum        Ice/Alch       7%         N/A       100%        6
 Malign Gateway           Summ/Tloc      15%        N/A       100%        7
 Disjunction              Tloc           22%        N/A       100%        8
 Summon Horrible Things   Summ           7%         N/A       100%        8


Dungeon Overview and Level Annotations

Branches:
Dungeon (15/15) Zot: 22895  Temple (1/1) D:4 Zot: 5958    Lair (5/5) D:9 Zot: 14715
  Swamp (2/4) Lair:3 Zot: 10346   Snake (4/4) Lair:3 Zot: 14694   Slime (0/5) Lair:4
    Orc (2/2) D:11 Zot: 7819     Elf (0/3) Orc:2        Vaults (0/5) D:14
 Depths (0/4) D:15          Sewer (visited)         Ossuary (visited)
  IceCv (visited)         Volcano (visited)

Altars:
Ashenzari
Cheibriados
Dithmenos
Fedhas
Gozag
Hepliaklqana
Kikubaaqudgha
Makhleb
Nemelex Xobeh
Okawaru
Qazlal
Ru
Sif Muna
Trog
Uskayaw
Vehumet
Wu Jian
Xom
Yredelemnul
Jiyva
Lugonu

Shops:
D:11 ?   D:15 :=[   Orc:2 [=*(   Lair:4 =   Snake:2 ?

Portals:
Abyss: Lair:5

Annotations:
D:3 1 runed translucent door
Snake:4 Vashnia


Innate Abilities, Weirdness & Mutations

You have a pair of horns on your head.
You regenerate health from kills.
You sometimes gain power by taking damage.
You have a small tail.
Your touch may irresistibly damage your foes and sap their willpower.


Message History

The arrow misses you.
The naga sharpshooter unwields a +0 trident.
The naga sharpshooter wields a +0 shortbow.
The naga sharpshooter shoots an arrow.
The arrow barely misses you.
Found 24 gold pieces.
Found a flickering gateway to a bazaar.
Found 13 gold pieces.
There is a flickering gateway to a bazaar here.
You see here 13 gold pieces.
You now have 983 gold pieces (gained 13).
The naga sharpshooter spits poison at you.
The splash of poison hits you.
You are poisoned.
You resist.
You take 3 damage, and have 130/133 hp.
You feel very sick.
There is a flickering gateway to a bazaar here.
You take 3 damage, and have 127/133 hp.
Okay, then.
Unknown command.
You feel sick.
The naga sharpshooter shoots an arrow.
The arrow barely misses you.
The world spins around you as you enter the gateway.
You enter an inter-dimensional bazaar!
You hear the chatter and bustle of other customers!
You feel sick.
There is an empty arch of ancient stone here.
You take 3 damage, and have 124/133 hp.
You feel sick.
You take 1 damage, and have 123/133 hp.
You start resting.
Your extra speed is starting to run out.
You feel sick.
You take 1 damage, and have 122/133 hp.
You start resting.
You feel sick. x6
You feel yourself slow down.
You take 4 damage, and have 118/133 hp.
You start resting.
You feel sick. x2
You are no longer poisoned.
You take 1 damage, and have 117/133 hp.
You start resting.
You are starting to lose your buoyancy.
You regained 2 hp, and now have 119/133 hp.
You regained 3 hp, and now have 122/133 hp.
You start resting.
You float gracefully downwards.
Your enlightenment fades.
You feel a little less mighty now.
You feel a little less agile now.
HP restored.
Magic restored.
You open the door.
Found Tunuob's Book Boutique.
Health restored: 133; MP restored: 33
There is an open door here.
There is an entrance to Tunuob's Book Boutique here.
You can access your shopping list by pressing '$'.
As you open the door, it creaks loudly!
There is an open door here.
You open the door.
There is an open door here.
You open the door.
Found Qeenlolu's Jewellery Boutique.
There is an open door here.
There is an entrance to Qeenlolu's Jewellery Boutique here.
You open the door.
There is an open door here.
You open the door.
Found Peuxiew's Weapon Shoppe.
There is an open door here.
There is an entrance to Peuxiew's Weapon Shoppe here.
You open the door.
There is an open door here.
You open the door.
There is an open door here.
There is an open door here.
There is a fountain of clear blue water here.
As you open the door, it creaks loudly!
There is an open door here.
You swap places.
There is an open door here.
There is a fountain of clear blue water here.
You swap places.
There is an open door here.
There is an open door here.
There is an entrance to Peuxiew's Weapon Shoppe here.
Found a gate leading back out of this place.
You open the door.
Done exploring.
Done exploring.
Done exploring.
There is an open door here.
There is an open door here.
There is an entrance to Tunuob's Book Boutique here.
You pick up the Grimoire of Shifting Frost and begin reading...
You add the spells Freezing Cloud, Summon Forest and Disjunction to your library.
Thank you for shopping at Tunuob's Book Boutique!
You can access your shopping list by pressing '$'.
Okay, then.
Your memory of Flame Wave unravels.
Okay, then.
Okay, then.
Your memory of Swiftness unravels.
This spell is dangerous to cast!
You start memorising the spell.
You continue memorising. x5
You finish memorising.
Spell assigned to 'f'.
Done exploring.
There is an open door here.
There is an empty arch of ancient stone here.
There is an open door here.
There is an open door here.
There is a fountain of clear blue water here.
There is an open door here.
There is an open door here.
There is an open door here.
There is an open door here.
There is an open door here.
There is an open door here.
There is a gate leading back out of this place here.
Welcome back to the Snake Pit!
Level annotation: Agnes
There is an empty arch of ancient stone here.
Casting: Arcjolt (mildly dangerous; 1% risk of failure)
Confirm with . or Enter, or press ? or * to list all spells.
Okay, then.
Casting: Arcjolt (mildly dangerous; 1% risk of failure)
Confirm with . or Enter, or press ? or * to list all spells.
Aiming: Freezing Cloud (dangerous; 4% risk of failure)
Press: ? - help, Dir - move target, f - salamander
Aim: a salamander, wielding a +0 halberd The salamander is engulfed in freezing vapours.
You now have 28/33 mp.
Casting: Freezing Cloud (dangerous; 4% risk of failure)
Confirm with . or Enter, or press ? or * to list all spells.
Aiming: Freezing Cloud (dangerous; 4% risk of failure)
Press: ? - help, Dir - move target, f - naga sharpshooter, p - salamander
Aim: a naga sharpshooter, wielding a +0 shortbow and wearing a +0 robe The naga sharpshooter is engulfed in freezing vapours.
The naga sharpshooter shoots an arrow.
The arrow completely misses you.
The salamander is engulfed in freezing vapours.
The salamander misses you.
You now have 23/33 mp.
Casting: Freezing Cloud (dangerous; 4% risk of failure)
Confirm with . or Enter, or press ? or * to list all spells.
Flames lash the salamander but do no damage.
The naga sharpshooter is engulfed in freezing vapours.
The naga sharpshooter shoots an arrow.
The arrow hits you!
The salamander is engulfed in freezing vapours.
The salamander hits you from afar with a +0 halberd!!
You are engulfed in flames.
You resist.
You take 31 damage, and have 102/133 hp.
MASSIVE DAMAGE!!
You now have 21/33 mp.
Casting: Scorch (safe; 0% risk of failure)
Confirm with . or Enter, or press ? or * to list all spells.
Flames lash the salamander.
The salamander completely resists.
The naga sharpshooter is engulfed in freezing vapours.
The naga sharpshooter shoots an arrow.
The arrow hits you!!
The salamander is engulfed in freezing vapours.
You kill the salamander!
You take 18 damage, and have 84/133 hp.
You now have 20/33 mp.
Casting: Scorch (safe; 0% risk of failure)
Confirm with . or Enter, or press ? or * to list all spells.
Casting: Plasma Beam (dangerous; 2% risk of failure)
Press: ? - help, Dir - look around, f - activate The bolt of lightning hits the naga sharpshooter!!
The naga sharpshooter is almost dead.
You hear a sizzling sound!
The naga sharpshooter is engulfed in freezing vapours.
The naga sharpshooter shoots an arrow.
The arrow hits you.
You take 4 damage, and have 80/133 hp.
You now have 14/33 mp.
Casting: Plasma Beam (dangerous; 2% risk of failure)
Confirm with . or Enter, or press ? or * to list all spells.
Casting: Plasma Beam (dangerous; 2% risk of failure)
Press: ? - help, Dir - look around, f - activate The bolt of lightning misses the naga sharpshooter.
You hear a sizzling sound!
You hear an angry hiss.
The naga sharpshooter is engulfed in freezing vapours.
You kill the naga sharpshooter!
You now have 8/33 mp.
You regained 2 hp, and now have 82/133 hp.
You regained 2 hp, and now have 84/133 hp.
You regained 2 hp, and now have 87/133 hp.
You regained 2 hp, and now have 90/133 hp.
You start resting.
A naga sharpshooter is nearby!
You regained 3 hp, and now have 93/133 hp.
Casting: Plasma Beam (dangerous; 2% risk of failure)
Confirm with . or Enter, or press ? or * to list all spells.
Aiming: Freezing Cloud (dangerous; 4% risk of failure)
Press: ? - help, Dir - move target, f - naga sharpshooter
Aim: a naga sharpshooter, wielding a +0 shortbow You miscast Freezing Cloud.
You are very lightly contaminated with residual magic.
Sparks fly from your hands!
You take 7 damage, and have 86/133 hp.
You now have 7/33 mp.
Casting: Freezing Cloud (dangerous; 4% risk of failure)
Confirm with . or Enter, or press ? or * to list all spells.
Aiming: Freezing Cloud (dangerous; 4% risk of failure)
Press: ? - help, Dir - move target, f/p - naga sharpshooter
Aim: a naga sharpshooter, wielding a +0 shortbow You miscast Freezing Cloud.
Nothing appears to happen.
The naga sharpshooter shoots an arrow.
The arrow hits you!
You take 10 damage, and have 76/133 hp.
You now have 2/33 mp.
Unknown command.
The naga sharpshooter mumbles some strange words.
The naga sharpshooter magically shoots an arrow.
The arrow misses you.
The naga sharpshooter shoots an arrow.
The arrow closely misses you.
The naga sharpshooter shoots an arrow.
The arrow misses you.
Casting: Freezing Cloud (dangerous; 4% risk of failure)
Confirm with . or Enter, or press ? or * to list all spells.
Okay, then.
Unknown command.
Aiming: Iceblast
Press: ? - help, Shift-Dir - straight line, p - naga sharpshooter The mass of ice explodes!
The iceblast engulfs the naga sharpshooter!
The naga sharpshooter is lightly wounded.
The naga sharpshooter mumbles some strange words.
The naga sharpshooter magically shoots an arrow.
The arrow hits you!
You take 9 damage, and have 68/133 hp.
Press: ? - help, v - describe, . - travel
Here: a naga sharpshooter, wielding a +0 shortbow (lightly wounded)
The floor.
You are confused.
You feel invigorated.
The naga sharpshooter casts a spell.
The naga sharpshooter magically shoots an arrow.
The arrow hits you!
You take 3 damage, and have 65/133 hp.
You regained 3 mp, and now have 6/33 mp.
The naga sharpshooter spits poison at you.
The splash of poison misses you.
You regained 4 hp, and now have 69/133 hp.
You regained 3 mp, and now have 9/33 mp.
The naga sharpshooter spits poison at you.
The splash of poison hits you.
You are poisoned.
You resist.
You regained 3 hp, and now have 72/133 hp.
You regained 4 mp, and now have 13/33 mp.
You feel very sick.
The naga sharpshooter gestures wildly while chanting.
The naga sharpshooter magically shoots an arrow.
The arrow hits you.
You take 3 damage, and have 69/133 hp.
You regained 5 mp, and now have 18/33 mp.
You feel less invigorated.
You feel less confused.
You feel very sick.
The naga sharpshooter gestures wildly while chanting.
The naga sharpshooter magically shoots an arrow.
The arrow hits you!
You take 13 damage, and have 56/133 hp.
You regained 5 mp, and now have 23/33 mp.
Casting: Freezing Cloud (dangerous; 4% risk of failure)
Confirm with . or Enter, or press ? or * to list all spells.
Casting: Plasma Beam (dangerous; 2% risk of failure)
Press: ? - help, Dir - look around, f - activate The bolt of lightning misses the naga sharpshooter.
The fiery plasma hits the naga sharpshooter!!!
The naga sharpshooter is heavily wounded.
You feel sick.
You hear an angry hiss.
The naga sharpshooter shoots an arrow.
The arrow closely misses you.
You take 2 damage, and have 54/133 hp.
You now have 17/33 mp.
Casting: Plasma Beam (dangerous; 2% risk of failure)
Confirm with . or Enter, or press ? or * to list all spells.
Casting: Plasma Beam (dangerous; 2% risk of failure)
Press: ? - help, Dir - look around, f - activate The bolt of lightning hits the naga sharpshooter!!!
You kill the naga sharpshooter!
You feel sick.
You hear an angry hiss.
You now have 11/33 mp.
You feel sick.
You feel sick.
You feel sick.
You feel sick.
You feel sick.
You feel sick.
You are no longer poisoned.
Your magical contamination has completely faded away.
Key pressed, stopping explore.
A mana viper comes into view.
You regained 18 hp, and now have 72/134 hp.
You regained 13 mp, and now have 24/33 mp.
A mana viper is nearby!
A mana viper is nearby!
Casting: Plasma Beam (dangerous; 2% risk of failure)
Confirm with . or Enter, or press ? or * to list all spells.
Casting: Plasma Beam (dangerous; 2% risk of failure)
Press: ? - help, Dir - look around, f - activate The bolt of lightning hits the mana viper.
The mana viper is lightly wounded.
The mana viper hisses angrily.
The fiery plasma hits the mana viper!!!
The mana viper is almost dead.
You now have 18/33 mp.
Casting: Plasma Beam (dangerous; 2% risk of failure)
Confirm with . or Enter, or press ? or * to list all spells.
Okay, then.
Casting: Plasma Beam (dangerous; 2% risk of failure)
Confirm with . or Enter, or press ? or * to list all spells.
Okay, then.
Casting: Plasma Beam (dangerous; 2% risk of failure)
Confirm with . or Enter, or press ? or * to list all spells.
Aiming: Airstrike (safe; 1% risk of failure)
Press: ? - help, Dir - move target, f - mana viper
Aim: a mana viper (almost dead, empty space bonus: 6/8)
The air twists around and strikes the mana viper!
The mana viper is almost dead.
You now have 15/33 mp.
Casting: Airstrike (safe; 1% risk of failure)
Confirm with . or Enter, or press ? or * to list all spells.
Aiming: Airstrike (safe; 1% risk of failure)
Press: ? - help, Dir - move target, f/p - mana viper
Aim: a mana viper (almost dead, empty space bonus: 2/8)
The air twists around and strikes the mana viper.
You kill the mana viper!
You regained 3 hp, and now have 77/135 hp.
You now have 12/33 mp.
Key pressed, stopping explore.
Magic restored.
Key pressed, stopping explore.
HP restored.
You now have 413 gold pieces (gained 6).
You now have 454 gold pieces (gained 41).
Things that are here:
a +0 shortbow; a +0 flail A black mamba comes into view.
Health restored: 135; MP restored: 33 A black mamba is nearby!
A black mamba is nearby!
A black mamba is nearby!
Casting: Airstrike (safe; 1% risk of failure)
Confirm with . or Enter, or press ? or * to list all spells.
Aiming: Airstrike (safe; 1% risk of failure)
Press: ? - help, Dir - move target, f - black mamba
Aim: a black mamba (wandering, hasn't noticed you, empty space bonus: 8/8)
The air twists around and strikes the black mamba!
The black mamba hisses angrily.
The black mamba is heavily wounded.
You now have 29/33 mp.
Casting: Airstrike (safe; 1% risk of failure)
Confirm with . or Enter, or press ? or * to list all spells.
Aiming: Airstrike (safe; 1% risk of failure)
Press: ? - help, Dir - move target, f/p - black mamba
Aim: a black mamba (heavily wounded, empty space bonus: 6/8)
The air twists around and strikes the black mamba!!
You kill the black mamba!
You now have 25/33 mp.
Casting: Airstrike (safe; 1% risk of failure)
Confirm with . or Enter, or press ? or * to list all spells.
You can't see any susceptible monsters within range! (Use Z to cast anyway.) Unknown command.
A naga mage comes into view. It is wielding a +0 spear.
The naga mage shouts!
You hear a shout!
The naga mage gestures at something while chanting.
Things that are here:
7 gold pieces; a +0 halberd; MP restored: 33 A naga mage is nearby!
A naga mage is nearby!
Casting: Airstrike (safe; 1% risk of failure)
Confirm with . or Enter, or press ? or * to list all spells.
Aiming: Airstrike (safe; 1% risk of failure)
Press: ? - help, Dir - move target, f - naga mage
Aim: a naga mage, wielding a +0 spear (empty space bonus: 7/8)
The air twists around and strikes the naga mage!
The naga mage is moderately wounded.
You hear a shout!
You now have 29/33 mp.
Casting: Airstrike (safe; 1% risk of failure)
Confirm with . or Enter, or press ? or * to list all spells.
You can't see any susceptible monsters within range! (Use Z to cast anyway.) Unknown command.
A naga mage is nearby!
Casting: Airstrike (safe; 1% risk of failure)
Confirm with . or Enter, or press ? or * to list all spells.
Aiming: Airstrike (safe; 1% risk of failure)
Press: ? - help, Dir - move target, f/p - naga mage
Aim: a naga mage, wielding a +0 spear (moderately wounded, empty space bonus: 6/8)
The air twists around and strikes the naga mage!
The naga mage is heavily wounded.
The naga mage spits poison at you. The splash of poison hits you. You resist.
You take 1 damage, and have 134/135 hp.
You now have 25/33 mp.
Casting: Airstrike (safe; 1% risk of failure)
Confirm with . or Enter, or press ? or * to list all spells.
Aiming: Airstrike (safe; 1% risk of failure)
Press: ? - help, Dir - move target, f/p - naga mage
Aim: a naga mage, wielding a +0 spear (heavily wounded, catching its breath, empty space bonus: 6/8)
The air twists around and strikes the naga mage!
The naga mage is almost dead.
A naga comes into view. It is wielding a +0 battleaxe.
You now have 21/33 mp.
Casting: Airstrike (safe; 1% risk of failure)
Confirm with . or Enter, or press ? or * to list all spells.
Aiming: Airstrike (safe; 1% risk of failure)
Press: ? - help, Dir - move target, f/p - naga mage
Aim: a naga mage, wielding a +0 spear (almost dead, catching its breath, empty space bonus: 6/8)
The air twists around and strikes the naga mage.
The naga mage is almost dead.
Health restored: 135 You now have 18/33 mp.
Casting: Airstrike (safe; 1% risk of failure)
Confirm with . or Enter, or press ? or * to list all spells.
Aiming: Airstrike (safe; 1% risk of failure)
Press: ? - help, Dir - move target, f/p - naga mage
Aim: a naga mage, wielding a +0 spear (almost dead, catching its breath, empty space bonus: 6/8)
The air twists around and strikes the naga mage!
You kill the naga mage!
You now have 14/33 mp.
Casting: Airstrike (safe; 1% risk of failure)
Confirm with . or Enter, or press ? or * to list all spells.
Aiming: Freezing Cloud (dangerous; 4% risk of failure)
Press: ? - help, Dir - move target The naga is engulfed in freezing vapours.
You now have 9/33 mp.
A naga comes into view. It is wielding a +0 dire flail.
The naga is engulfed in freezing vapours.
The naga spits poison at you. The splash of poison hits you. You resist.
The naga shouts!
You take 3 damage, and have 132/135 hp.
The naga is engulfed in freezing vapours.
You kill the naga!
A naga comes into view. It is wielding a +0 battleaxe.
The naga spits poison at you. The splash of poison misses you.
Casting: Freezing Cloud (dangerous; 4% risk of failure)
Confirm with . or Enter, or press ? or * to list all spells.
Aiming: Freezing Cloud (dangerous; 4% risk of failure)
Press: ? - help, Dir - move target, f - naga
Aim: a naga, wielding a +0 dire flail The naga is engulfed in freezing vapours. x2
The naga spits poison at you. The splash of poison misses you.
You now have 5/33 mp.
The naga is engulfed in freezing vapours. x2
Casting: Freezing Cloud (dangerous; 4% risk of failure)
Confirm with . or Enter, or press ? or * to list all spells.
Casting: Plasma Beam (dangerous; 2% risk of failure)
Press: ? - help, Dir - look around, f - activate The bolt of lightning hits the naga!!!
You kill the naga!
You hear a sizzling sound!
The naga is engulfed in freezing vapours.
You kill the naga!
Health restored: 135 You now have 0/33 mp.
You now have 461 gold pieces (gained 7).
You see here a +0 halberd.
You start resting.
Agnes is nearby!
You regained 4 mp, and now have 7/33 mp.
Agnes is nearby!
Agnes is nearby!
Unknown command.
Unknown command.
As you read the scroll of fog, it dissolves into smoke.
You start resting.
Agnes is nearby!
You regained 11 mp, and now have 18/33 mp.
Casting: Plasma Beam (dangerous; 2% risk of failure)
Confirm with . or Enter, or press ? or * to list all spells.
Aiming: Freezing Cloud (dangerous; 4% risk of failure)
Press: ? - help, Dir - move target
Okay, then.
Agnes shouts!
Casting: Freezing Cloud (dangerous; 4% risk of failure)
Confirm with . or Enter, or press ? or * to list all spells.
Aiming: Freezing Cloud (dangerous; 4% risk of failure)
Press: ? - help, Dir - move target Agnes is engulfed in freezing vapours. x2
You now have 14/33 mp.
Casting: Freezing Cloud (dangerous; 4% risk of failure)
Confirm with . or Enter, or press ? or * to list all spells.
Okay, then.
Casting: Freezing Cloud (dangerous; 4% risk of failure)
Confirm with . or Enter, or press ? or * to list all spells.
Flames lash Agnes.
Agnes is moderately wounded.
Agnes's fire resistance burns away.
You hear an angry hiss.
Agnes is engulfed in freezing vapours.
An anaconda comes into view.
Agnes is engulfed in freezing vapours.
Agnes hits you with a +0 lajatang!!
You take 22 damage, and have 113/135 hp.
You now have 12/33 mp.
Casting: Scorch (safe; 0% risk of failure)
Confirm with . or Enter, or press ? or * to list all spells.
Flames lash Agnes.
Agnes is burned terribly!
Agnes is heavily wounded.
Agnes is engulfed in freezing vapours.
Agnes hits you with a +0 lajatang!!
Agnes is engulfed in freezing vapours.
Agnes barely misses you.
You take 23 damage, and have 90/135 hp.
You now have 10/33 mp.
Casting: Scorch (safe; 0% risk of failure)
Confirm with . or Enter, or press ? or * to list all spells.
Electricity surges outward!
Agnes is struck by an electric surge!!
You kill Agnes!
The anaconda is engulfed in freezing vapours.
The anaconda seems to slow down.
The anaconda is engulfed in freezing vapours.
You now have 5/33 mp.
Unknown command.
Unknown command.
Unknown command.
The anaconda is engulfed in freezing vapours.
The anaconda seems to slow down.
The anaconda is engulfed in freezing vapours. x2
The anaconda seems to slow down.
The anaconda barely misses you. The anaconda closely misses you.
The anaconda is engulfed in freezing vapours.
The anaconda grabs you. The anaconda bites you. The anaconda constricts you.
You take 4 damage, and have 87/135 hp.
The anaconda is engulfed in freezing vapours.
The anaconda seems to slow down.
You kill the anaconda!
Key pressed, stopping explore.
HP restored.
Magic restored.
You now have 486 gold pieces (gained 25).
Things that are here:
a +0 lajatang; a +0 robe Key pressed, stopping explore.
Things that are here:
a +0 shortbow; a +0 flail
There is an empty arch of ancient stone, spattered with blood here.
You now have 489 gold pieces (gained 3).
You now have 509 gold pieces (gained 20).
You see here a +0 dire flail.
You now have 525 gold pieces (gained 16).
You see here a +0 battleaxe.
You now have 537 gold pieces (gained 12).
You see here a +0 spear.
You now have 561 gold pieces (gained 24).
You now have 584 gold pieces (gained 23).
Things that are here:
a +0 battleaxe; a +0 robe You now have 598 gold pieces (gained 14).
Things that are here:
a +0 shortbow; a +0 trident; a +0 robe Key pressed, stopping explore.
You now have 612 gold pieces (gained 14).
You see here a +0 club.
A black mamba comes into view.
Things that are here:
31 gold pieces; a +0 dire flail; a +0 dire flail Health restored: 135; MP restored: 33 A black mamba is nearby!
Casting: Arcjolt (mildly dangerous; 1% risk of failure)
Confirm with . or Enter, or press ? or * to list all spells.
Casting: Plasma Beam (dangerous; 2% risk of failure)
Press: ? - help, Dir - look around, f - activate The bolt of lightning hits the black mamba!
The black mamba is moderately wounded.
The black mamba hisses angrily.
The fiery plasma misses the black mamba.
You hear a shout! x3; You hear an angry hiss.
You now have 27/33 mp.
Casting: Plasma Beam (dangerous; 2% risk of failure)
Confirm with . or Enter, or press ? or * to list all spells.
Casting: Plasma Beam (dangerous; 2% risk of failure)
Press: ? - help, Dir - look around, f - activate The bolt of lightning hits the black mamba!
The black mamba is severely wounded.
The fiery plasma misses the black mamba.
You hear a shout! x3; You hear an angry hiss.
You now have 21/33 mp.
A black mamba is nearby!
The air twists around and strikes the black mamba.
The black mamba is severely wounded.
The black mamba barely misses you. The black mamba bites you.
You take 4 damage, and have 131/135 hp.
You now have 17/33 mp.
The air twists around and strikes the black mamba!
The black mamba is almost dead.
The black mamba bites you.
You take 2 damage, and have 129/135 hp.
You now have 14/33 mp.
The air twists around and strikes the black mamba!
You kill the black mamba!
You now have 10/33 mp.
You see here a +0 club.
The salamander mystic is distracted by your dazzling golden aura.
Things that are here:
a +0 battleaxe; a +0 robe You see here a +0 halberd.
Health restored: 135 You start resting.
An anaconda comes into view.
You regained 8 mp, and now have 22/33 mp.
An anaconda is nearby!
Casting: Airstrike (safe; 1% risk of failure)
Confirm with . or Enter, or press ? or * to list all spells.
Aiming: Freezing Cloud (dangerous; 4% risk of failure)
Press: ? - help, Dir - move target The anaconda hisses angrily.
The anaconda is engulfed in freezing vapours.
The anaconda seems to slow down.
The anaconda is engulfed in freezing vapours.
The anaconda seems to slow down.
You now have 18/33 mp.
The anaconda is engulfed in freezing vapours.
You rampage towards the anaconda!
The anaconda is engulfed in freezing vapours.
The anaconda grabs you. The anaconda bites you. The anaconda constricts you.
You take 9 damage, and have 126/135 hp.
Okay, then.
The anaconda is engulfed in freezing vapours.
The anaconda seems to slow down.
The anaconda bites you! The anaconda constricts you.
The anaconda is engulfed in freezing vapours.
The anaconda seems to slow down.
You kill the anaconda!
You take 15 damage, and have 111/135 hp.
Key pressed, stopping explore.
HP restored.
Key pressed, stopping explore.
Magic restored.
You now have 624 gold pieces (gained 12).
Things that are here:
a +0 shortbow; a +0 trident; a +0 robe A salamander comes into view.
It is wielding a +0 glaive.
The salamander moves out of view.
Health restored: 135; MP restored: 33 You now have 674 gold pieces (gained 50).
You see here a +0 halberd.
You now have 705 gold pieces (gained 31).
Things that are here:
a +0 dire flail; a +0 dire flail You now have 715 gold pieces (gained 10).
An anaconda comes into view.
There are monsters nearby!
Casting: Freezing Cloud (dangerous; 4% risk of failure)
Confirm with . or Enter, or press ? or * to list all spells.
Aiming: Freezing Cloud (dangerous; 4% risk of failure)
Press: ? - help, Dir - move target, f - salamander
Aim: a salamander, wielding a +0 halberd The anaconda hisses angrily.
The anaconda is engulfed in freezing vapours.
The anaconda seems to slow down.
The salamander is engulfed in freezing vapours.
The salamander wields a +0 shortbow of flaming.
It bursts into flame!
The salamander shoots an arrow.
The arrow barely misses you.
The salamander is engulfed in freezing vapours.
You now have 28/33 mp.
Casting: Freezing Cloud (dangerous; 4% risk of failure)
Confirm with . or Enter, or press ? or * to list all spells.
You can't see any susceptible monsters within range! (Use Z to cast anyway.)
Casting: Freezing Cloud (dangerous; 4% risk of failure)
Confirm with . or Enter, or press ? or * to list all spells.
You can't see any susceptible monsters within range! (Use Z to cast anyway.)
Casting: Freezing Cloud (dangerous; 4% risk of failure)
Confirm with . or Enter, or press ? or * to list all spells.
Aiming: Freezing Cloud (dangerous; 4% risk of failure)
Press: ? - help, Dir - move target, p - salamander The anaconda is engulfed in freezing vapours.
The salamander is engulfed in freezing vapours. x2
The anaconda is engulfed in freezing vapours.
The anaconda seems to slow down.
You now have 23/33 mp.
Okay, then.
Casting: Freezing Cloud (dangerous; 4% risk of failure)
Confirm with . or Enter, or press ? or * to list all spells.
Casting: Plasma Beam (dangerous; 2% risk of failure)
Press: ? - help, Dir - look around, f - activate The bolt of lightning hits the salamander!!
The salamander is severely wounded.
The bolt of lightning hits the salamander!
The salamander is almost dead.
The fiery plasma hits the salamander.
The salamander completely resists.
The salamander is severely wounded.
You hear a sizzling sound!
You hear a shout!
You hear an angry hiss.
You hear a shout! x4
A salamander comes into view. It is wielding a +0 halberd.
The salamander hits you from afar with a +0 halberd!
You are engulfed in flames.
You resist.
The salamander is engulfed in freezing vapours.
You kill the salamander!
The anaconda is engulfed in freezing vapours.
You take 16 damage, and have 119/135 hp.
You now have 17/33 mp.
The anaconda is engulfed in freezing vapours.
The anaconda seems to slow down.
The anaconda attacks as it pursues you! The anaconda barely misses you. x2
The salamander mystic is engulfed in freezing vapours.
Casting: Plasma Beam (dangerous; 2% risk of failure)
Confirm with . or Enter, or press ? or * to list all spells.
Casting: Plasma Beam (dangerous; 2% risk of failure)
Press: ? - help, Dir - look around, f - activate
Okay, then.
Casting: Plasma Beam (dangerous; 2% risk of failure)
Confirm with . or Enter, or press ? or * to list all spells.
You erupt in a fountain of uncontrolled magic!
The anaconda is blasted with magical radiation!!
The anaconda is almost dead.
You are very lightly contaminated with residual magic.
The anaconda completely misses you. The anaconda bites you!
The salamander hits you from afar with a +0 halberd!
You are engulfed in flames.
You resist.
A guardian serpent comes into view.
The salamander mystic is engulfed in freezing vapours.
You take 22 damage, and have 98/135 hp.
You now have 13/33 mp.
The anaconda attacks as it pursues you! The anaconda barely misses you.
The anaconda misses you.
The salamander is engulfed in freezing vapours.
The salamander mystic is engulfed in freezing vapours.
The anaconda attacks as it pursues you! The anaconda grabs you.
The anaconda bites you but does no damage.
The anaconda constricts you.
The salamander attacks as it pursues you!
The salamander hits you from afar with a +0 halberd.
You are engulfed in flames.
You resist.
A mana viper comes into view.
The salamander is engulfed in freezing vapours.
You take 5 damage, and have 93/135 hp.
You escape the anaconda's grasp.
The salamander is engulfed in freezing vapours.
Casting: Irradiate (dangerous; 12% risk of failure)
Confirm with . or Enter, or press ? or * to list all spells.
You erupt in a fountain of uncontrolled magic!
The anaconda is blasted with magical radiation!!
You kill the anaconda!
The salamander hits you from afar with a +0 halberd.
You are engulfed in flames.
You resist.
You take 3 damage, and have 90/135 hp.
You now have 9/33 mp.
The mana viper is distracted by your dazzling golden aura.
The salamander is distracted by your dazzling golden aura.
There is an empty arch of ancient stone, spattered with blood here.
Things that are here:
a +0 shortbow; a +0 flail The guardian serpent casts a spell at you.
The salamander mystic blinks!
Things that are here:
a +0 lajatang; a +0 robe
Okay, then.
Casting: Irradiate (dangerous; 12% risk of failure)
Confirm with . or Enter, or press ? or * to list all spells.
Casting: Plasma Beam (dangerous; 2% risk of failure)
Press: ? - help, Dir - look around, f - activate
Okay, then.
Casting: Plasma Beam (dangerous; 2% risk of failure)
Confirm with . or Enter, or press ? or * to list all spells.
Okay, then.
Casting: Plasma Beam (dangerous; 2% risk of failure)
Confirm with . or Enter, or press ? or * to list all spells.
Aiming: Freezing Cloud (dangerous; 4% risk of failure)
Press: ? - help, Dir - move target You are engulfed in freezing vapours.
You resist.
The guardian serpent is engulfed in freezing vapours.
The salamander mystic is engulfed in freezing vapours.
The salamander mystic hits you with a +0 quarterstaff.
You are engulfed in flames.
You resist.
You take 9 damage, and have 91/135 hp.
You now have 9/33 mp.
Casting: Freezing Cloud (dangerous; 4% risk of failure)
Confirm with . or Enter, or press ? or * to list all spells.
Okay, then.
Unknown command.
Casting: Freezing Cloud (dangerous; 4% risk of failure)
Confirm with . or Enter, or press ? or * to list all spells.
Flames lash the salamander mystic.
The salamander mystic completely resists.
You are engulfed in freezing vapours.
You resist.
The guardian serpent is engulfed in freezing vapours. x2
The guardian serpent hits you.
The salamander mystic is engulfed in freezing vapours.
You kill the salamander mystic!
You take 7 damage, and have 84/135 hp.
You now have 7/33 mp.
Casting: Scorch (safe; 0% risk of failure)
Confirm with . or Enter, or press ? or * to list all spells.
Flames lash the guardian serpent.
The guardian serpent is severely wounded.
The guardian serpent's fire resistance burns away.
You are engulfed in freezing vapours.
You resist.
The guardian serpent is engulfed in freezing vapours.
The guardian serpent hits you.
You take 5 damage, and have 79/135 hp.
You now have 5/33 mp.
You are engulfed in freezing vapours.
You resist.
The guardian serpent is engulfed in freezing vapours. x2
You kill the guardian serpent!
Things that are here:
8 gold pieces; a +0 quarterstaff; a +0 robe You take 2 damage, and have 77/135 hp.
You regained 2 hp, and now have 79/135 hp.
You start resting.
A salamander is nearby!
You regained 2 hp, and now have 81/135 hp.
A salamander is nearby!
A salamander is nearby!
The salamander is distracted by your dazzling golden aura.
Casting: Scorch (safe; 0% risk of failure)
Confirm with . or Enter, or press ? or * to list all spells.
Okay, then.
The salamander is no longer distracted by gold.
Your magical contamination has completely faded away.
Casting: Scorch (safe; 0% risk of failure)
Confirm with . or Enter, or press ? or * to list all spells.
Aiming: Freezing Cloud (dangerous; 4% risk of failure)
Press: ? - help, Dir - move target, f - salamander
Aim: a salamander, wielding a +0 glaive (severely wounded)
The salamander is engulfed in freezing vapours.
You now have 5/33 mp.
Okay, then.
The salamander is engulfed in freezing vapours.
You kill the salamander!
Your Fighting skill increases to level 13!
Key pressed, stopping explore.
A salamander is nearby!
A salamander is nearby!
A salamander is nearby!
A salamander is nearby!
You regained 35 hp, and now have 125/136 hp.
You regained 19 mp, and now have 24/33 mp.
Casting: Freezing Cloud (dangerous; 4% risk of failure)
Confirm with . or Enter, or press ? or * to list all spells.
Aiming: Freezing Cloud (dangerous; 4% risk of failure)
Press: ? - help, Dir - move target You now have 20/33 mp.
The salamander is engulfed in freezing vapours.
The salamander is engulfed in freezing vapours.
The salamander is engulfed in freezing vapours.
Okay, then.
The salamander is engulfed in freezing vapours.
You kill the salamander!
HP restored.
Key pressed, stopping explore.
Magic restored.
You now have 723 gold pieces (gained 8).
Things that are here:
a +0 quarterstaff; a +0 robe You now have 746 gold pieces (gained 23).
Things that are here:
a +0 lajatang; a +0 robe
Things that are here:
12 gold pieces; a +0 halberd; a +0 glaive Health restored: 136; MP restored: 33 A mana viper is nearby!
A mana viper is nearby!
A mana viper is nearby!
Casting: Freezing Cloud (dangerous; 4% risk of failure)
Confirm with . or Enter, or press ? or * to list all spells.
Aiming: Freezing Cloud (dangerous; 4% risk of failure)
Press: ? - help, Dir - move target The mana viper is engulfed in freezing vapours. x2
You now have 28/33 mp.
The mana viper is engulfed in freezing vapours.
The mana viper is engulfed in freezing vapours.
The mana viper is engulfed in freezing vapours.
The mana viper seems to slow down.
Casting: Freezing Cloud (dangerous; 4% risk of failure)
Confirm with . or Enter, or press ? or * to list all spells.
Flames lash the mana viper.
You kill the mana viper!
You now have 27/33 mp.
Vashnia the Elite Marksnaga comes into view.
She is wielding a +2 halberd of protection and wearing a +2 barding of flying.
MP restored: 33 You feel attractive to monsters.
Vashnia is attracted toward you.
Okay, then.
Unknown command.
Unknown command.
Casting: Scorch (safe; 0% risk of failure)
Confirm with . or Enter, or press ? or * to list all spells.
Aiming: Freezing Cloud (dangerous; 4% risk of failure)
Press: ? - help, Dir - move target Vashnia shouts!
Vashnia mumbles some strange words.
Vashnia blinks!
You now have 28/33 mp.
The naga sharpshooter is attracted toward you.
The naga sharpshooter is attracted toward you.
Casting: Freezing Cloud (dangerous; 4% risk of failure)
Confirm with . or Enter, or press ? or * to list all spells.
Flames lash the naga sharpshooter.
The naga sharpshooter shouts!
The naga sharpshooter is lightly wounded.
The naga sharpshooter's fire resistance burns away.
The naga sharpshooter is engulfed in freezing vapours.
The naga sharpshooter gestures wildly while chanting.
The naga sharpshooter magically shoots an arrow.
The arrow hits you! Vashnia is attracted toward you.
You take 9 damage, and have 127/136 hp.
You now have 27/33 mp.
Casting: Scorch (safe; 0% risk of failure)
Confirm with . or Enter, or press ? or * to list all spells.
Flames lash the naga sharpshooter.
The naga sharpshooter is burned terribly!
The naga sharpshooter is heavily wounded.
The naga sharpshooter is engulfed in freezing vapours.
The naga sharpshooter spits poison at you.
The splash of poison hits you.
You are poisoned.
You resist. Vashnia is attracted toward you.
You take 1 damage, and have 126/136 hp.
You now have 25/33 mp.
Casting: Scorch (safe; 0% risk of failure)
Confirm with . or Enter, or press ? or * to list all spells.
Flames lash Vashnia.
Vashnia is lightly wounded.
Vashnia's fire resistance burns away.
You feel very sick.
You hear a shout!
The naga sharpshooter is engulfed in freezing vapours.
The naga sharpshooter shoots an arrow.
The arrow misses you.
You take 4 damage, and have 122/136 hp.
You now have 23/33 mp.
Casting: Scorch (safe; 0% risk of failure)
Confirm with . or Enter, or press ? or * to list all spells.
Flames lash Vashnia but do no damage.
You feel sick.
The naga sharpshooter is engulfed in freezing vapours.
The naga sharpshooter gestures wildly while chanting.
The naga sharpshooter magically shoots an arrow.
The arrow hits you!!
You focus on the pain.
You feel your power returning. Vashnia gestures at you while chanting.
The naga sharpshooter blinks!
Vashnia is attracted toward you.
You take 20 damage, and have 102/136 hp.
MP restored: 33
Casting: Scorch (safe; 0% risk of failure)
Confirm with . or Enter, or press ? or * to list all spells.
You can't see any susceptible monsters within range! (Use Z to cast anyway.)
Casting: Scorch (safe; 0% risk of failure)
Confirm with . or Enter, or press ? or * to list all spells.
Okay, then.
Unknown command.
Casting: Scorch (safe; 0% risk of failure)
Confirm with . or Enter, or press ? or * to list all spells.
You erupt in a fountain of uncontrolled magic!
Vashnia is blasted with magical radiation!
Vashnia is lightly wounded.
You are very lightly contaminated with residual magic.
You feel sick.
Vashnia unwields a +2 halberd of protection.
Vashnia wields a +0 arbalest.
Vashnia shoots a bolt.
The bolt hits you!!
You focus on the pain.
You feel very mighty all of a sudden.
The naga sharpshooter is attracted toward you. x2
You take 21 damage, and have 81/136 hp.
You now have 28/33 mp.
Casting: Irradiate (dangerous; 12% risk of failure)
Confirm with . or Enter, or press ? or * to list all spells.
You miscast Irradiate.
Nothing appears to happen.
You feel sick.
The naga sharpshooter is engulfed in freezing vapours.
The naga sharpshooter casts a spell.
The naga sharpshooter magically shoots a bolt.
The bolt closely misses you.
Vashnia is engulfed in freezing vapours.
Vashnia spits poison at you. The splash of poison hits you!
You are more poisoned.
You resist.
The naga sharpshooter is attracted toward you. x2
You take 11 damage, and have 70/136 hp.
You now have 23/33 mp.
Casting: Irradiate (dangerous; 12% risk of failure)
Confirm with . or Enter, or press ? or * to list all spells.
You erupt in a fountain of uncontrolled magic!
Vashnia is blasted with magical radiation!!
Vashnia is moderately wounded.
You are lightly contaminated with residual magic.
You feel very sick.
Vashnia is engulfed in freezing vapours.
Vashnia says to her squad, "Do not let the Demonspawn escape!"
Vashnia gestures at you while chanting.
The naga sharpshooter blinks!
The naga sharpshooter is engulfed in freezing vapours.
The naga sharpshooter gestures wildly while chanting.
The naga sharpshooter magically shoots an arrow.
The arrow hits you!!
The naga sharpshooter is attracted toward you.
You take 23 damage, and have 47/136 hp.
You now have 18/33 mp.
Press: ? - help, v - describe, . - travel, g - get item
Here: Vashnia, wielding a +0 arbalest and wearing a +2 barding of flying (freezing vapour, moderately wounded, catching her breath, more vulnerable to fire) Item here: 6 gold pieces.
The floor, spattered with blood.
As you read the scroll of teleportation, it crumbles to dust.
You feel strangely unstable.
You feel very sick.
Vashnia is no longer more vulnerable to fire.
Vashnia is engulfed in freezing vapours.
Vashnia shoots a bolt.
The bolt hits you!!
* * * LOW HITPOINT WARNING * * *
You focus on the pain.
You feel your power returning.
A naga sharpshooter comes into view. It is wielding a +0 glaive.
The naga sharpshooter is engulfed in freezing vapours.
The naga sharpshooter is attracted toward you. x2
You take 30 damage, and have 17/136 hp.
MASSIVE DAMAGE!!
MP restored: 33 Blink to where?
Press: ? - help, Dir - move target
As you read the scroll of blinking, it crumbles to dust.
You feel very sick.
The naga sharpshooter unwields a +0 arbalest.
The naga sharpshooter wields a +3 trident.
The naga sharpshooter hits you but does no damage.
The naga sharpshooter closely misses you.
Vashnia is engulfed in freezing vapours.
The naga sharpshooter unwields a +0 glaive.
The naga sharpshooter wields a +0 shortbow.
The naga sharpshooter shoots an arrow.
The arrow hits you!
You die...
Your body crumbles into a pile of gold.

#.............###....##
**#............###....##
*
*#/..####.......#.....#*
****#...##
##...........##
,,.....#* ##....))...##
,.....#* #......)))##
,...).* ##.........#
,....,* #.N.##.##.#
,....,** #@.§#...#.#
***,,,,* ##..).∩...#
**,,,* #..#.§.### *,,,*
##N##§## **,,* #○§☼.#
*,** #NNN## *,* ##°##
*,* #§# *,* #)#


You could see Vashnia and 4 naga sharpshooters.

Vanquished Creatures
  Mara (Snake:2)
  A shard shrike (IceCv)
  A nagaraja (Snake:3)
  Gastronok (Lair:3)
  Agnes (Snake:4)
  An orc warlord (Orc:2)
  2 eleionomae (Swamp:1)
  A white draconian (IceCv)
  A bunyip (Lair:3)
  Snorg (Lair:4)
  An ettin (Orc:2)
  Fannar (Orc:1)
  Josephine (Lair:4)
  5 hydras
  An ogre mage (D:14)
  2 ice dragons (IceCv)
  A sphinx zombie (D:15)
  7 anacondas
  A catoblepas (Lair:1)
  6 ironbound frosthearts (IceCv)
  3 two-headed ogres
  An alligator (Swamp:1)
  4 boulder beetles
  3 centaur warriors
  7 naga warriors
  An orc high priest (Orc:2)
  10 death yaks
  3 naga sharpshooters
  2 thrashing horrors (Lair:5)
  Urug (Orc:1)
  6 shock serpents
  2 skeletal warriors
  A deep elf knight (D:14)
  A skyshark (Lair:2)
  2 salamander mystics
  2 goliath frogs (Swamp:1)
  A flayed ghost (D:15)
  2 bog bodies (Lair:3)
  A lindwurm (Lair:3)
  Pikel (D:9)
  2 spark wasp zombies (D:15)
  11 mana vipers
  A swamp dragon (Swamp:1)
  An orange crystal statue (IceCv)
  A naga ritualist (Snake:2)
  3 deep elf pyromancers
  5 orc knights (Orc:2)
  A necromancer (D:15)
  31 ugly things
  3 orc sorcerers (Orc:2)
  16 salamanders
  Maurice (D:9)
  8 cyclopes
  8 elephants
  A salamander (shapeshifter) (Lair:5)
  6 meliai
  2 manticores
  4 kobold blastminers
  A toenail golem (Lair:4)
  5 guardian serpents
  28 black mambas
  14 naga magi
  2 torpor snails
  A black mamba (shapeshifter) (Lair:5)
  12 cane toads
  Maggie (D:8)
  A smoke demon (Lair:5)
  Jeremiah (D:7)
  2 kobold demonologists
  7 komodo dragons
  3 yaktaurs (D:14)
  17 rime drakes (IceCv)
  An efreet (D:14)
  8 trolls
  15 polar bears
  4 tyrant leeches (Swamp:1)
  2 hornets (D:10)
  41 blink frogs
  A raiju (Lair:5)
  5 saltlings (Orc:2)
  Prince Ribbit (D:7)
  15 dream sheep
  9 wraiths
  66 yaks
  2 shadows
  5 wyverns
  A water elemental (D:14)
  2 ynoxinuls (Lair:5)
  A spriggan (shapeshifter) (D:14)
  A hog (shapeshifter) (D:14)
  12 basilisks
  A human (Volcano)
  17 vampire mosquitoes
  2 steam dragons (D:8)
  A warg (Orc:2)
  29 nagas
  2 swamp worms (Swamp:1)
  18 water moccasins
  A meliai simulacrum (D:15)
  21 orc warriors
  2 ice beasts
  A swamp drake (Swamp:1)
  3 black bears
  11 centaurs
  21 wolves
  8 ogres
  The ghost of Biscolet the Caller, an amateur MfSu (D:3)
  3 lemures (D:9)
  5 kobold brigands
  2 elf zombies (Ossuary)
  12 bullfrogs
  A gnoll sergeant (D:6)
  8 small abominations (Lair:5)
  2 scorpions (D:6)
  A burial acolyte (Ossuary)
  A killer bee (D:11)
  3 bombardier beetles
  A howler monkey (D:13)
  3 centaur zombies (Ossuary)
  3 jellies
  7 hounds
  14 orc priests
  2 human zombies (Ossuary)
  A gnoll bouda (D:3)
  17 orc wizards
  2 sleepcaps
  5 iguanas
  A crocodile zombie (Ossuary)
  2 hound zombies (Ossuary)
  3 mummies (Ossuary)
  A river rat (D:5)
  13 adders
  17 gnolls
  A shadow imp (D:6)
  3 white imps
  2 ufetubi (D:6)
  5 adder zombies (Ossuary)
  9 dart slugs
  A ribbon worm (shapeshifter) (Lair:5)
  A ribbon worm (D:5)
  46 orcs
  8 bats
  16 endoplasms
  12 giant cockroaches
  7 goblins
  10 hobgoblins
  5 quokkas
  14 ball pythons
  5 ball python zombies (Ossuary)
  16 frilled lizards
  2 jackal zombies (Ossuary)
  14 kobolds
  3 kobold zombies (Ossuary)
  3 orc zombies (Ossuary)
  4 rats
939 creatures vanquished.

Vanquished Creatures (others)
  A bloated husk (Swamp:2)
  A water elemental (D:14)
  35 foxfires
37 creatures vanquished.

Grand Total: 976 creatures vanquished

Notes
Turn   | Place    | Note
-------+----------+-------------------------------------------
     0 | D:1      | steven32 the Demonspawn Fire Elementalist began the quest
                  | for the Orb.
     0 | D:1      | Reached XP level 1. HP: 13/13 MP: 3/3
    92 | D:1      | Reached skill level 3 in Fire Magic
   237 | D:1      | Discovered your monstrous ancestry.
   237 | D:1      | Gained mutation: Your touch may inflict minor irresistible
                  | damage on your foes. [demonic ancestry]
   237 | D:1      | Reached XP level 2. HP: 19/19 MP: 1/5
   295 | D:1      | Learned a level 2 spell: Scorch
   989 | D:2      | Reached skill level 4 in Fire Magic
   989 | D:2      | Reached XP level 3. HP: 24/24 MP: 0/6
  2012 | D:3      | Found an iron altar of Okawaru.
  2015 | D:3      | Gained mutation: Your touch may inflict irresistible damage
                  | on your foes. [demonic ancestry]
  2015 | D:3      | Reached XP level 4. HP: 30/30 MP: 4/7
  2436 | D:3      | Found a runed translucent door.
  2439 | D:3      | Noticed Biscolet's ghost (amateur MfSu)
  2610 | D:3      | Reached XP level 5. HP: 35/35 MP: 5/8
  2989 | D:3      | Found a runed translucent door.
  3386 | D:3      | Killed Biscolet's ghost
  3542 | D:3      | Gained mutation: You have a pair of small horns on your
                  | head. [demonic ancestry]
  3542 | D:3      | Reached XP level 6. HP: 37/41 MP: 1/11
  3684 | D:4      | Found a sand-covered staircase.
  3714 | Ossuary  | Entered an ossuary
  3735 | Ossuary  | Learned a level 4 spell: Flame Wave
  3930 | Ossuary  | Reached skill level 1 in Fighting
  4097 | Ossuary  | Reached XP level 7. HP: 41/52 MP: 2/13
  4595 | Ossuary  | Reached skill level 5 in Fire Magic
  5232 | D:4      | You fall into a shaft and drop 2 floors!
  5407 | D:6      | Reached skill level 6 in Fire Magic
  5424 | D:6      | Gained mutation: You have a small tail. [demonic ancestry]
  5424 | D:6      | Reached XP level 8. HP: 43/60 MP: 3/14
  5540 | D:6      | HP: 3/60 [centaur/arrow (10)]
  5542 | D:6      | Reached skill level 5 in Conjurations
  5550 | D:5      | Entered Level 5 of the Dungeon
  5900 | D:5      | Found a glowing drain.
  5914 | Sewer    | Entered a sewer
  7141 | D:5      | Identified the +3 falchion of the Protecting Hero {chaos,
                  | Str+3 Int+4}
  7153 | D:5      | Reached skill level 7 in Fire Magic
  7256 | D:5      | Found a snail-covered altar of Cheibriados.
  8315 | D:4      | Found a staircase to the Ecumenical Temple.
  8456 | D:4      | Found a hazy altar of Hepliaklqana.
  8581 | Temple   | Entered the Ecumenical Temple
  8615 | Temple   | Became a worshipper of Gozag Ym Sagoz the Greedy
  8677 | D:5      | Reached skill level 8 in Fire Magic
  8677 | D:5      | Gained mutation: You regenerate a little health from kills.
                  | [demonic ancestry]
  8677 | D:5      | Reached XP level 9. HP: 35/66 MP: 7/15
  8881 | D:6      | Reached skill level 5 in Fighting
  9234 | D:6      | Learned a level 6 spell: Starburst
 10139 | D:7      | Noticed Prince Ribbit
 10146 | D:7      | Killed Prince Ribbit
 10522 | D:7      | Noticed Jeremiah
 11722 | D:7      | Killed Jeremiah
 12756 | D:8      | Noticed Maggie
 12779 | D:8      | Killed Maggie
 12780 | D:8      | Reached XP level 10. HP: 60/80 MP: 1/16
 13549 | D:9      | Found an ornate altar of the Wu Jian Council.
 13573 | D:9      | Found a staircase to the Lair.
 13633 | D:9      | Noticed Maurice
 13635 | D:9      | Paralysed by Maurice for 2 turns
 13696 | D:9      | Maurice stole a +4 whip
 13703 | D:9      | Killed Maurice
 13870 | D:9      | Found a basalt altar of Yredelemnul.
 14036 | D:9      | Noticed Pikel
 14492 | D:9      | Reached skill level 5 in Spellcasting
 14667 | D:9      | Killed Pikel
 14877 | D:9      | Found a hide-covered altar of Uskayaw.
 14908 | D:10     | Entered Level 10 of the Dungeon
 14923 | D:10     | Paralysed by a hornet for 3 turns
 16363 | D:11     | Gained mutation: You sometimes gain a little power by
                  | taking damage. [demonic ancestry]
 16363 | D:11     | Reached XP level 11. HP: 62/89 MP: 2/23
 16504 | D:11     | Found Zibruphe's Magic Scroll Shop.
 16512 | D:11     | Bought a scroll of identify for 30 gold pieces
 16512 | D:11     | Bought a scroll of identify for 30 gold pieces
 16512 | D:11     | Bought a scroll of teleportation for 45 gold pieces
 16512 | D:11     | Bought a scroll of teleportation for 45 gold pieces
 16517 | D:11     | Noticed a white ugly thing
 16518 | D:11     | Found a staircase to the Orcish Mines.
 16531 | D:11     | Killed a white ugly thing
 17637 | D:11     | Reached skill level 9 in Fire Magic
 18051 | D:11     | Noticed a two-headed ogre
 18089 | D:11     | Killed a two-headed ogre
 18221 | D:11     | Reached skill level 10 in Fire Magic
 18310 | D:11     | Noticed a two-headed ogre
 18328 | D:11     | Killed a two-headed ogre
 18885 | Lair:1   | Entered Level 1 of the Lair of Beasts
 18890 | Lair:1   | Reached skill level 5 in Dodging
 19451 | Lair:1   | Gained mutation: You have a pair of horns on your head.
                  | [demonic ancestry]
 19451 | Lair:1   | Reached XP level 12. HP: 92/95 MP: 18/25
 19991 | Lair:1   | Reached skill level 10 in Conjurations
 20060 | Lair:1   | Noticed a catoblepas
 20863 | Lair:2   | Reached skill level 10 in Fighting
 22160 | Lair:2   | Reached skill level 1 in Armour
 22414 | Lair:3   | Noticed a six-headed hydra
 22632 | Lair:3   | Found a staircase to the Swamp.
 22742 | Lair:3   | Learned a level 5 spell: Arcjolt
 22764 | Lair:3   | Found a staircase to the Snake Pit.
 22960 | Lair:3   | Noticed Gastronok
 23083 | Lair:3   | Killed Gastronok
 23084 | Lair:3   | Reached XP level 13. HP: 38/108 MP: 19/26
 23293 | Lair:3   | Reached skill level 5 in Armour
 25333 | Lair:3   | Reached skill level 1 in Air Magic
 26112 | Lair:4   | Found a dark tunnel.
 26121 | Volcano  | Entered a volcano
 26549 | Lair:4   | Noticed Josephine
 26951 | Lair:4   | Learned a level 3 spell: Swiftness
 26954 | Lair:4   | Learned a level 2 spell: Blink
 27029 | Lair:4   | Reached skill level 1 in Translocations
 27205 | Lair:4   | Noticed Snorg
 27333 | Lair:4   | Learned a level 3 spell: Mephitic Cloud
 27405 | Lair:4   | Found a viscous altar of Jiyva.
 27406 | Lair:4   | Found a staircase to the Slime Pits.
 27486 | Lair:4   | Killed Josephine
 28150 | Lair:5   | Entered Level 5 of the Lair of Beasts
 28520 | Lair:5   | Reached skill level 5 in Translocations
 29102 | Lair:5   | Gained mutation: You regenerate health from kills. [demonic
                  | ancestry]
 29102 | Lair:5   | Reached XP level 14. HP: 93/115 MP: 11/27
 29104 | Lair:5   | Reached skill level 5 in Air Magic
 31087 | Lair:5   | Identified 3 scrolls of acquirement
 31094 | Lair:5   | Acquired 775 gold pieces
 31095 | Lair:5   | Acquired a book of Spontaneous Combustion
 31100 | Lair:5   | Acquired the +1 pair of boots of Nizxu {rElec SInv}
 32302 | Lair:5   | Reached skill level 10 in Spellcasting
 32606 | Lair:5   | Found a one-way gate to the infinite horrors of the Abyss.
 32781 | Lair:5   | Found a corrupted altar of Lugonu.
 32789 | Lair:5   | Identified the ring of the Empty Page {rElec rF+++ rCorr
                  | Str+2 Int-4}
 33732 | Lair:4   | Bought the ring "Zyhuseat" {rC+++ Str-2 Int+6 Dex+3 Stlth+}
                  | for 1243 gold pieces
 33770 | Lair:4   | Learned a level 6 spell: Plasma Beam
 33903 | Orc:1    | Entered Level 1 of the Orcish Mines
 34202 | Orc:2    | Entered Level 2 of the Orcish Mines
 35059 | Orc:2    | Found a staircase to the Elven Halls.
 35084 | Orc:1    | Noticed Urug
 35108 | Orc:1    | Killed Urug
 35467 | Orc:1    | Noticed Fannar
 35478 | Orc:1    | Killed Fannar
 36128 | Orc:2    | Reached skill level 11 in Fire Magic
 36646 | Orc:2    | Gained mutation: Your touch may irresistibly damage your
                  | foes and sap their willpower. [demonic ancestry]
 36646 | Orc:2    | Reached XP level 15. HP: 120/120 MP: 17/30
 37489 | Orc:2    | Found Alufityt's Weapon Shoppe.
 37508 | Orc:2    | Found Nuap Exa's Jewellery Boutique.
 37510 | Orc:2    | Found Jejeneep's Antique Armour Boutique.
 37520 | Orc:2    | Bought the necklace of Bloodlust {Fury *Rage Will++ Int-3
                  | Slay+6} for 498 gold pieces
 37520 | Orc:2    | Found the necklace of Bloodlust {Fury *Rage Will++ Int-3
                  | Slay+6}
 37564 | Orc:2    | Found Leogoorch's Assorted Antiques.
 38209 | D:12     | Reached skill level 12 in Fire Magic
 41382 | D:14     | Reached skill level 10 in Air Magic
 42453 | D:14     | Found a gate to the Vaults.
 42944 | D:15     | Entered Level 15 of the Dungeon
 43212 | D:14     | Identified the +0 chain mail of the Watchman {Dex+4}
 44055 | Lair:4   | Killed Snorg
 44326 | D:15     | Found a staircase to the Depths.
 46832 | D:15     | Bought an encrusted cloak for 285 gold pieces
 46832 | D:15     | Identified the +2 cloak of Wicked Music {Rampage} (You
                  | bought it in a shop on level 15 of the Dungeon)
 46832 | D:15     | Bought a pitted scale mail for 270 gold pieces
 46832 | D:15     | Identified the +6 scale mail of Doyc Qaeps {Harm Stlth+}
                  | (You bought it in a shop on level 15 of the Dungeon)
 46851 | D:15     | Bought a heavily runed robe for 171 gold pieces
 46851 | D:15     | Identified the +2 robe "Eqovom" {Rampage rN+ Will-
                  | Archmagi} (You bought it in a shop on level 15 of the
                  | Dungeon)
 46851 | D:15     | Bought a fading robe for 171 gold pieces
 46851 | D:15     | Identified the +1 robe of Damp Happiness {+Blink rCorr}
                  | (You bought it in a shop on level 15 of the Dungeon)
 47079 | Swamp:1  | Entered Level 1 of the Swamp
 47082 | Swamp:1  | Gained mutation: You sometimes gain power by taking damage.
                  | [demonic ancestry]
 47082 | Swamp:1  | Reached XP level 16. HP: 127/127 MP: 18/31
 47300 | Swamp:1  | Identified the +4 flail "Netaud" {flame, rElec rCorr
                  | Stlth+}
 47337 | Swamp:1  | Found a glacial archway.
 47360 | IceCv    | Entered an ice cave
 50082 | IceCv    | Identified the +2 pair of gloves of the Thunderstorm {rF+}
 50684 | IceCv    | Learned a level 5 spell: Irradiate
 50833 | IceCv    | Noticed a shard shrike
 51581 | IceCv    | Killed a shard shrike
 52355 | Swamp:2  | Noticed a thorn hunter
 53015 | Swamp:1  | Reached skill level 13 in Fire Magic
 53239 | Snake:1  | Entered Level 1 of the Snake Pit
 55041 | Snake:1  | Reached skill level 14 in Fire Magic
 57075 | D:15     | Bought a book of Air for 286 gold pieces
 57396 | Snake:2  | Reached XP level 17. HP: 128/133 MP: 8/33
 57401 | Snake:2  | Learned a level 4 spell: Airstrike
 58035 | Snake:2  | Reached skill level 15 in Fire Magic
 58806 | Snake:2  | Found Raqom's Magic Scroll Emporium.
 60353 | Snake:3  | Noticed Mara
 60362 | Snake:3  | Noticed steven32's illusion
 60789 | Snake:3  | Noticed steven32's illusion
 60797 | Snake:2  | Killed Mara
 61622 | Snake:4  | Entered Level 4 of the Snake Pit
 61704 | Snake:4  | Reached skill level 16 in Fire Magic
 61808 | Snake:4  | Noticed Agnes
 62083 | Snake:4  | Found a flickering gateway to a bazaar.
 62091 | Bazaar   | Entered a bazaar
 62205 | Bazaar   | Found Tunuob's Book Boutique.
 62234 | Bazaar   | Found Qeenlolu's Jewellery Boutique.
 62248 | Bazaar   | Found Peuxiew's Weapon Shoppe.
 62372 | Bazaar   | Bought the Grimoire of Shifting Frost for 576 gold pieces
 62381 | Bazaar   | Learned a level 5 spell: Freezing Cloud
 62845 | Snake:4  | Killed Agnes
 63385 | Snake:4  | Noticed Vashnia
 63400 | Snake:4  | Shot with an arrow by a naga sharpshooter

Illustrated notes

Levels and vault maps discovered:
D:1:      dpeg_arrival_stonehenge_8_columns, layout_rooms
D:2:      layout_basic, chequers_garden
D:3:      layout_loops_ring, mainiacjoe_overflow_catwalk, ebering_ghost_sewer_f,
          minmay_goblin_outpost
D:4:      layout_loops_ring, nicolae_overflow_hidden_temple,
          minmay_temple_entry_offerings, nicolae_ossuary_entry_ruins
D:5:      layout_loops_ring, chequers_temple_overflow_statue_of_worship,
          cheibrodos_sewer_entry_sluice
D:6:      layout_basic, nicolae_benzene_ring
D:7:      layout_gridville, uniq_prince_ribbit1, uniq_jeremiah
D:8:      layout_basic, uniq_maggie
D:9:      layout_long_grid, mainiacjoe_overflow_six_doors_small,
          mainiacjoe_overflow_large_starburst, lair_entry_dummy, uniq_maurice,
          uniq_pikel
D:10:     layout_stronghold
D:11:     minmay_polygon_palace, layout_long_grid, serial_shops, shop
D:12:     layout_roguey
D:13:     layout_basic, serial_curves, eino_curves_03, eino_curves_01,
          eino_curves_02
D:14:     layout_basic, hangedman_vaults_entry_quadrant_bands,
          palyth_stone_intersect
D:15:     gammafunk_depths_entry_grave, layout_loops_ring,
          chequers_serial_rivers_room_a
Temple:   nicolae_temple_superstar
Lair:1:   layout_chaotic_city, beast_lair_carwin_2
Lair:2:   layout_regular_city, chequers_serial_rivers_large_b
Lair:3:   layout_small_grid, skrybe_swamp_entry_bodies, dummy_snake_entry,
          grunt_megastairs_3, infiniplex_staircase_pool, lemuel_fruit_tree,
          uniq_gastronok
Lair:4:   layout_concentric_octagons, nicolae_slime_entry_slimehenge,
          serial_forest, infiniplex_forest_lined_2, infiniplex_forest_lined_2,
          infiniplex_forest_clump_C, infiniplex_forest_3_way,
          infiniplex_forest_clump_large, infiniplex_forest_straight_2,
          infiniplex_forest_lined_room_3, infiniplex_forest_clump_small,
          enter_volcano_2, kennysheep_basilisk_garden, uniq_josephine,
          uniq_snorg
Lair:5:   hellmonk_lair_end_abyssal_woods, layout_hall_layers, minivault_27
Swamp:1:  layout_basic_swamp, portal_ice_cave_entry_pillars_1,
          evilmike_swamp_ruin_house_5, swamp_pool_1_2,
          nicolae_swamp_decorative_isthmus
Swamp:2:  cheibrodos_swamp_tower_of_moss, layout_basic_swamp,
          nicolae_swamp_stair_fork
Snake:1:  layout_onion_interference, grunt_megastairs_1
Snake:2:  layout_onion, drop_trap, grunt_megastairs_4, minmay_shop_star
Snake:3:  layout_layer_cave, uniq_mara
Snake:4:  grunt_snake_rune_pools, layout_layer_cave, serial_shops,
          bzr_entry_gold, uniq_agnes, uniq_vashnia
Orc:1:    layout_caves, basic_altar, uniq_fannar, uniq_urug
Orc:2:    hellmonk_orc_salted, layout_diamond_mine

Skill      XL: |  1  2  3  4  5  6  7  8  9 10 11 12 13 14 15 16 17 |
---------------+----------------------------------------------------+-----
Fire Magic     | 3 4 6 8 10 11 12 14 16 | 16.0
Conjurations   | 2 3 4 6 8 10 12 | 12.0
Spellcasting   | 3 4 8 9 11 12 | 12.0
Fighting       | 3 4 8 9 12 13 | 13.1
Dodging        | 6 |  6.0
Armour         | 4 8 |  8.0
Air Magic      | 4 8 12 | 12.0
Translocations | 6 |  6.0
Stealth        | |  1.7

Action                     |  1- 3 |  4- 6 |  7- 9 | 10-12 | 13-15 | 16-18 || total
---------------------------+-------+-------+-------+-------+-------+-------++-------
  Melee: Unarmed           |    31 |       |       |       |       |       ||    31
         Touch             |     4 |     8 |    12 |     8 |     5 |       ||    37
         Punch             |     1 |     1 |     1 |     1 |     1 |       ||     5
         Whip              |     7 |    48 |    40 |       |       |       ||    95
         Headbutt          |       |     5 |     7 |    12 |     7 |       ||    31
         Falchion          |       |       |     5 |    22 |    40 |       ||    67
         Tailslap          |       |       |       |     5 |     6 |       ||    11
  Throw: Dart              |       |       |     1 |       |       |       ||     1
   Cast: Foxfire           |    13 |     4 |     1 |     2 |       |     3 ||    23
         Scorch            |    33 |    71 |   236 |   108 |   352 |    80 ||   880
         Flame Wave        |       |     2 |    15 |    17 |    13 |     3 ||    50
         Starburst         |       |       |     2 |    99 |   124 |    26 ||   251
         Arcjolt           |       |       |       |       |    75 |    10 ||    85
         Plasma Beam       |       |       |       |       |   164 |   260 ||   424
         Mephitic Cloud    |       |       |       |       |     4 |     3 ||     7
         Blink             |       |       |       |       |     4 |       ||     4
         Irradiate         |       |       |       |       |       |    21 ||    21
         Airstrike         |       |       |       |       |       |    46 ||    46
         Freezing Cloud    |       |       |       |       |       |    13 ||    13
 Invoke: Potion Petition   |       |       |       |       |     7 |     4 ||    11
         Call Merchant     |       |       |       |       |     4 |       ||     4
  Evoke: Wand              |       |       |     6 |     1 |     7 |    19 ||    33
         Sack of spiders   |       |       |       |       |       |     2 ||     2
    Use: Scroll            |       |     4 |     3 |     8 |    22 |    12 ||    49
         Potion            |       |     2 |       |     1 |     1 |     4 ||     8
   Stab: Sleeping          |     1 |       |       |       |       |       ||     1
         Paralysed         |       |       |       |     4 |       |       ||     4
 Armour: Robe              |    30 |    93 |   141 |   147 |   452 |       ||   863
         Leather armour    |       |       |       |       |   115 |   265 ||   380
  Dodge: Dodged            |    36 |    89 |   109 |   121 |   431 |   168 ||   954
